 Dungeon Crawl Stone Soup version 0.30.0-21-gd299b56b3f (webtiles) character file.

Game seed: 10434165550940373663

95 qw the Chopper (level 4, -4/28 HPs)
             Began as a Gargoyle Fighter on June 2, 2023.
             Constricted to death by Ijyb (5 damage)
             ... on level 3 of the Dungeon.
             The game lasted 00:00:48 (1784 turns).

qw the Chopper (Gargoyle Fighter)                   Turns: 1784, Time: 00:00:48

Health: -4/28      AC: 16    Str: 21    XL:     4   Next: 65%
Magic:  4/4        EV:  6    Int:  9    God:
Gold:   78         SH:  4    Dex:  9    Spells: 3/3 levels left

rFire   . . .        Y - +0 war axe
rCold   + . .        c - +0 buckler
rNeg    + . .        b - +0 scale mail
rPois   inf          (no helmet)
rElec   +            (no cloak)
rCorr   .            m - +0 pair of gloves
SInv    .            o - +0 pair of boots
Will    .....        l - amulet of faith Stlth
                     h - ring of protection from cold
HPRegen 0.24/turn    k - +4 ring of protection
MPRegen 0.09/turn

%: faith
@: grasped by roots, constricted
A: sickness immunity, AC +3, negative energy resistance 1, electricity
resistance, torment resistance 1, petrification resistance
a: no special abilities


You were on level 3 of the Dungeon.
You visited 1 branch of the dungeon, and saw 3 of its levels.

You collected 78 gold pieces.


Innate Abilities, Weirdness & Mutations

You are immune to sickness and miasma.
Your stone body is resilient. (AC +3)
You are immune to poison.
You resist negative energy. (rN+)
You are resistant to electric shocks. (rElec)
You are resistant to unholy torment.
You are immune to petrification.


   Skills:
 - Level 3.2 Fighting
 + Level 3.9 Axes
 - Level 1.3 Throwing
 - Level 3.2 Armour
 - Level 3.2 Shields


You had 3 spell levels left.
You didn't know any spells.
Your spell library was empty.

Inventory:

Hand Weapons
 f - a +0 club
 Y - a +0 war axe (weapon)
Missiles
 g - 4 javelins (quivered)
Armour
 b - a +0 scale mail (worn)
 c - a +0 buckler (worn)
 m - a +0 pair of gloves (worn)
 o - a +0 pair of boots (worn)
Jewellery
 h - a ring of protection from cold (left hand)
 k - a +4 ring of protection (right hand)
 l - an amulet of faith (around neck)
 r - a ring of positive energy
Potions
 a - a potion of lignification {unknown}
 d - a potion of might
 e - a potion of invisibility {unknown}
 j - a potion of curing
 n - a potion of mutation {unknown}
 p - a potion of attraction {unknown}

Dungeon Overview and Level Annotations

Branches:
Dungeon (3/15)

Altars:
Nemelex Xobeh

Annotations:
D:3 Ijyb


Message History

The grasping roots grab you!
Ijyb is unaffected.
The grasping roots constrict you.
You closely miss Ijyb.
Ijyb is lightly wounded.
Ijyb hits you but does no damage. The grasping roots constrict you.
You completely miss Ijyb.
Ijyb is lightly wounded.
Ijyb hits you but does no damage. The grasping roots constrict you.
The grasping roots release their grip on you.
You closely miss Ijyb.
Ijyb is lightly wounded.
Ijyb hits you but does no damage. Ijyb closely misses you.
You closely miss Ijyb.
Ijyb is lightly wounded.
You feel a little less clever now. Ijyb hits you with a +0 club.
You hit Ijyb.
Ijyb is lightly wounded.
Ijyb hits you with a +0 club.
You closely miss Ijyb.
Ijyb is lightly wounded.
Ijyb hits you with a +0 club. Ijyb barely misses you.
You barely miss Ijyb.
Ijyb is lightly wounded.
Ijyb hits you with a +0 club.
You hit Ijyb.
Ijyb is moderately wounded.
Ijyb hits you but does no damage.
You closely miss Ijyb.
Ijyb is moderately wounded.
Ijyb hits you with a +0 club. Ijyb hits you but does no damage.
You slash Ijyb!
Ijyb is severely wounded.
Ijyb zaps a wand.
The roots erupt in riotous growth!
The grasping roots grab you!
Ijyb is unaffected.
The grasping roots constrict you.
You hit Ijyb but do no damage.
Ijyb is severely wounded.
Ijyb hits you but does no damage. The grasping roots constrict you.
You die...

#. #. #.
#. #.
##### #.
##...##
#g##.....#
#.@.%....#
####....<#
##...##
#?..##
#.### #.
#. #.


You could see Ijyb.

Vanquished Creatures
  Jessica (D:2)
  2 adders (D:2)
  A dart slug (D:1)
  4 endoplasms
  5 giant cockroaches
  4 goblins
  5 hobgoblins
  4 jackals (D:1)
  A quokka (D:1)
  7 ball pythons
  4 bats
  2 frilled lizards (D:1)
  2 kobolds (D:1)
  5 rats
47 creatures vanquished.

Notes
Turn   | Place    | Note
-------+----------+-------------------------------------------
     0 | D:1      | qw the Gargoyle Fighter began the quest for the Orb.
     0 | D:1      | Reached XP level 1. HP: 14/14 MP: 1/1
     0 | D:1      | 0 ||| qw: Version: 0.2-a-102-gdf20003
     0 | D:1      | 0 ||| qw: Game counter: 825
     0 | D:1      | 0 ||| qw: Always use a shield: true
     0 | D:1      | 0 ||| qw: God list: Okawaru
     0 | D:1      | 0 ||| qw: Allow faded altars: false
     0 | D:1      | 0 ||| qw: Do Orc after D:15 true
     0 | D:1      | 0 ||| qw: Do second Lair branch before Depths: true
     0 | D:1      | 0 ||| qw: Lair rune preference: random
     0 | D:1      | 0 ||| qw: Plans: Normal, Zot:1-4, Slime:5, God:TSO, Crypt,
                  | Tomb, Pan, Hells, Abyss, Win
     0 | D:1      | 0 ||| PLANNING D:1-11
    54 | D:1      | 54 ||| Stepping ~*~*~tactically~*~*~ (stealth).
    55 | D:1      | 55 ||| Stepping ~*~*~tactically~*~*~ (stealth).
    73 | D:1      | Reached XP level 2. HP: 19/19 MP: 2/2
    73 | D:1      | 73 ||| Stepping ~*~*~tactically~*~*~ (stealth).
   102 | D:1      | 102 ||| Stepping ~*~*~tactically~*~*~ (hiding).
   154 | D:1      | 154 ||| Stepping ~*~*~tactically~*~*~ (stealth).
   198 | D:1      | Found a faded altar of an unknown god.
   337 | D:1      | Reached skill level 3 in Axes
   400 | D:1      | Reached XP level 3. HP: 23/23 MP: 3/3
   700 | D:1      | 700 ||| UPGRADING to ring of protection from cold.
   701 | D:1      | 701 ||| UPGRADING to +4 ring of protection.
   702 | D:1      | 702 ||| READING scroll labelled SOAMAY SIUSIQ.
   703 | D:1      | 703 ||| READING scroll labelled TUIDESSALEY.
   704 | D:1      | 704 ||| READING 2 scrolls labelled ELOXIS FETZU.
   705 | D:1      | 705 ||| READING scroll labelled IMMAIR ETEADETT.
   706 | D:1      | 706 ||| READING scroll labelled ROXAHE BIENU.
   722 | D:1      | 722 ||| DROPPING scroll of noise.
   787 | D:2      | Reached skill level 1 in Throwing
   979 | D:2      | Noticed Jessica
   980 | D:2      | 980 ||| Stepping ~*~*~tactically~*~*~ (hiding).
   982 | D:2      | 982 ||| Stepping ~*~*~tactically~*~*~ (hiding).
   983 | D:2      | 983 ||| Stepping ~*~*~tactically~*~*~ (hiding).
   990 | D:2      | Killed Jessica
   991 | D:2      | Reached XP level 4. HP: 23/28 MP: 4/4
  1148 | D:2      | Found a sparkling altar of Nemelex Xobeh.
  1290 | D:2      | 1290 ||| Stepping ~*~*~tactically~*~*~ (hiding).
  1689 | D:2      | 1689 ||| UPGRADING to +0 pair of gloves.
  1694 | D:2      | 1694 ||| UPGRADING to +0 pair of boots.
  1699 | D:2      | 1699 ||| UPGRADING to amulet of faith.
  1704 | D:2      | 1704 ||| READING scroll labelled KICKOQ YTWUHITSATU.
  1705 | D:2      | 1705 ||| DRINKING 2 fuming silvery potions.
  1706 | D:2      | 1706 ||| DROPPING potion of brilliance.
  1767 | D:3      | Noticed Ijyb
  1768 | D:3      | 1768 ||| Stepping ~*~*~tactically~*~*~ (hiding).
  1782 | D:3      | HP: 6/28 [Ijyb/+0 club (4)]
  1783 | D:3      | HP: 1/28 [constriction (5)]
  1784 | D:3      | Constricted to death by Ijyb

Levels and vault maps discovered:
D:1:      dpeg_arrival_court, layout_basic,
          shapermc_ecumenical_altar_mp_vishouse, st_stairs_11
D:2:      layout_loops_corners, basic_altar, uniq_jessica
D:3:      minmay_chambers_of_threes, layout_loops_ring,
          overflow_temple_1_default, uniq_ijyb

Skill      XL: |  1  2  3 |
---------------+----------+-----
Axes           | 2 3 |  3.9
Throwing       | 1 |  1.3
Fighting       | |  3.2
Armour         | |  3.2
Shields        | |  3.2

Action                     |  1- 3 |  4- 6 || total
---------------------------+-------+-------++-------
  Melee: War axe           |    89 |    32 ||   121
  Throw: Javelin           |    14 |    17 ||    31
    Use: Scroll            |     5 |     1 ||     6
         Potion            |       |     1 ||     1
 Armour: Scale mail        |    62 |    20 ||    82
  Dodge: Dodged            |    44 |     9 ||    53
  Block: Buckler           |    18 |     4 ||    22

Table legend:
 A = Non-vault XP
 B = Vault XP
 C = Vault XP percentage of total XP
 D = Non-vault monster count
 E = Vault monster count
 F = Vault count percentage of total count
                 A         B        C        D         E       F
            +---------+---------+-------+---------+---------+-------
      Total |      94 |      42 |  30.9 |      43 |       4 |   8.5
            +---------+---------+-------+---------+---------+-------
        D:1 |      38 |       5 |  11.6 |      22 |       3 |  12.0
        D:2 |      55 |      37 |  40.2 |      20 |       1 |   4.8
        D:3 |       1 |       0 |   0.0 |       1 |       0 |   0.0
            +---------+---------+-------+---------+---------+-------
